Map: Acropolis LE

Players

Cham

  • Race: Zerg Zerg
  • Spawn Location: 11:00

GunGFuBanDa - Winner!

  • Race: Protoss Protoss
  • Spawn Location: 5:00

Event: 2019 WCS Summer

VOD

Have the link to the VOD?

Description

Time

  • Played on: July 12, 2019, 9:15 a.m.
  • Length: 17:46

All games in this series

Show
View Real Time Build Order
Export as new Build Order

Cham Zerg 

Build Orders: Hatch First, Brood Lord Corruptor 

Get SALT Encoding   

  12  0:00  Drone  
  13  0:08  Drone  
  14  0:16  Overlord  
  14  0:34  Drone  
  14  0:35  Drone  
  16  0:47  Hatchery  
  15  0:51  Drone  
  15  0:55  Drone  
  17  1:00  Drone  
  18  1:09  Extractor  
  17  1:13  Spawning Pool  
  17  1:17  Drone  
  17  1:20  Drone  
  18  1:29  Drone  
  19  1:39  Drone  
  20  1:51  Drone  
  21  1:59  Overlord  
  21  2:01  Queen x2  
  23  2:03  Zergling x2  
  26  2:08  Metabolic Boost  
  26  2:10  Zergling x2  
  26  2:12  Drone  
  28  2:21  Drone  
  29  2:24  Drone  
  30  2:33  Hatchery  
  30  2:37  Drone  
  30  2:43  Queen  
  32  2:48  Overlord  
  32  2:49  Drone  
  33  2:54  Drone  
  34  2:59  Spore Crawler  
  34  3:01  Drone x2  
  35  3:06  Drone x2  
  35  3:09  Drone x2  
  39  3:14  Drone x2  
  39  3:19  Drone  
  43  3:20  Drone  
  43  3:30  Overlord  
  43  3:35  Overlord  
  43  3:37  Drone  
  44  3:45  Queen x2  
  48  3:50  Zergling x4  
  48  3:53  Overlord  
  48  3:55  Zergling x2, Drone  
  51  3:56  Drone x3  
  51  3:58  Drone  
  51  3:59  Drone  
  57  4:03  Lair  
  57  4:05  Overlord  
  57  4:08  Overlord  
  57  4:10  Drone  
  58  4:21  Overlord  
  58  4:25  Drone x4  
  58  4:26  Drone x3  
  58  4:27  Drone  
  58  4:29  Drone  
  67  4:32  Drone x2  
  67  4:34  Drone, Overlord  
  67  4:35  Drone  
  71  4:43  Overlord  
  71  4:44  Drone  
  72  4:52  Drone  
  71  4:58  Extractor  
  71  4:59  Drone x10, Extractor x2, Overlord  
  78  5:00  Extractor  
  77  5:07  Hydralisk Den, Zergling x2  
  77  5:09  Queen x2, Baneling Nest  
  80  5:15  Zergling x6  
  81  5:25  Zergling x4  
  81  5:27  Overlord  
  81  5:28  Zergling x2  
  84  5:29  Zergling x2  
  84  5:33  Overlord  
  84  5:35  Zergling x10  
  90  5:36  Hatchery  
  90  5:37  Grooved Spines  
  89  5:44  Hydralisk x3  
  89  5:48  Overlord  
  89  5:49  Hydralisk  
  97  5:51  Hydralisk  
  99  5:57  Hydralisk x2  
  99  5:59  Hydralisk  
  99  6:03  Hatchery  
  105  6:07  Hydralisk  
  105  6:10  Hydralisk  
  101  6:21  Drone  
  101  6:22  Drone x7  
  104  6:27  Drone  
  104  6:29  Drone  
  104  6:30  Overlord  
  104  6:31  Drone x4  
  107  6:35  Baneling x2  
  107  6:40  Evolution Chamber  
  107  6:42  Centrifical Hooks, Extractor  
  107  6:46  Hydralisk x3  
  111  6:48  Muscular Augments  
  111  6:51  Overlord  
  111  6:53  Hydralisk x3  
  115  6:56  Overlord  
  115  6:59  Zergling x2  
  118  7:04  Overlord  
  118  7:08  Zerg Missile Weapons Level 1  
  118  7:09  Hydralisk x2  
  118  7:14  Overlord  
  122  7:19  Hydralisk  
  122  7:20  Hydralisk x3  
  128  7:24  Overlord  
  128  7:25  Drone x2  
  128  7:27  Extractor  
  128  7:33  Drone x2  
  128  7:34  Drone  
  128  7:36  Drone x2, Extractor  
  130  7:39  Drone  
  130  7:40  Overlord  
  130  7:43  Drone x2  
  132  7:45  Drone x4  
  132  7:47  Overlord  
  132  7:48  Hydralisk  
  138  7:53  Queen  
  138  7:54  Zergling x6  
  143  8:00  Zergling x6  
  143  8:03  Zergling x2  
  147  8:06  Zergling x8  
  151  8:13  Zergling x6  
  151  8:16  Zergling x2  
  151  8:17  Overseer  
  151  8:18  Baneling x4, Overlord  
  155  8:27  Zergling x10  
  155  8:28  Baneling x2  
  155  8:29  Baneling  
  155  8:30  Zergling x4  
  155  8:32  Zergling x2  
  155  8:33  Zergling x4  
  165  8:37  Drone  
  165  8:39  Infestation Pit, Hatchery  
  159  8:53  Drone  
  159  8:54  Drone x3  
  159  8:55  Drone x2, Overlord  
  165  8:56  Zergling x2  
  165  8:57  Zergling x8  
  165  9:02  Overlord  
  170  9:03  Zergling x2  
  170  9:05  Baneling x2  
  170  9:07  Zerg Missile Weapons Level 2  
  170  9:08  Drone  
  172  9:10  Spire  
  172  9:11  Baneling x5  
  172  9:12  Zergling x6  
  172  9:15  Zergling x2, Hive  
  175  9:19  Zergling x2  
  175  9:24  Zergling x4  
  175  9:26  Baneling  
  175  9:27  Baneling, Overlord  
  175  9:29  Zergling x4  
  177  9:33  Zergling x4  
  177  9:34  Zergling x2  
  178  9:42  Zergling x18  
  178  9:44  Baneling x9  
  186  9:47  Zergling x2  
  186  9:48  Zergling x4  
  186  9:51  Zergling x2  
  186  9:52  Zergling x2  
  191  9:55  Zergling x8  
  191  9:56  Zergling x2  
  191  9:57  Baneling  
  191  9:58  Baneling x2  
  196  10:09  Zergling x6  
  196  10:10  Zergling x2  
  197  10:21  Zergling x8  
  194  10:37  Zergling x16  
  194  10:39  Baneling x10  
  190  10:46  Greater Spire  
  180  10:51  Drone x4  
  180  10:52  Drone  
  184  10:57  Extractor  
  184  11:00  Extractor  
  184  11:01  Overlord, Adrenal Glands  
  184  11:02  Overlord  
  182  11:08  Corruptor x5  
  182  11:09  Corruptor x4  
  195  11:13  Corruptor  
  195  11:14  Corruptor x2  
  198  11:24  Zergling x2  
  198  11:25  Zergling x16  
  199  11:27  Baneling  
  193  11:51  Drone x2  
  195  11:56  Overseer  
  195  12:00  Pneumatized Carapace  
  195  12:01  Overseer x2  
  195  12:03  Zerg Missile Weapons Level 3  
  195  12:04  Zerg Flyer Armor Level 1  
  195  12:07  Corruptor x5  
  179  12:09  Zergling x6  
  179  12:10  Zergling x14  
  179  12:12  Baneling  
  179  12:13  Baneling x5  
  189  12:20  Zergling x18  
  189  12:21  Zergling x4  
  190  12:37  Brood Lord x3  
  190  12:38  Brood Lord  
  190  12:41  Overseer  
  198  12:46  Hatchery  
  198  12:47  Corruptor x2  
  199  12:53  Baneling x11  
  199  13:00  Overseer  
  147  13:17  Brood Lord x5  
  147  13:18  Brood Lord  
  147  13:19  Brood Lord x4  
  167  13:20  Overlord  
  167  13:24  Overseer, Corruptor x3  
  167  13:30  Corruptor  
  167  13:33  Corruptor  
  171  13:36  Corruptor  
  175  13:41  Corruptor  
  175  13:48  Corruptor  
  179  13:51  Corruptor  
  179  13:53  Corruptor  
  179  13:54  Corruptor x2  
  177  13:56  Hydralisk  
  177  13:58  Zerg Flyer Weapons Level 1  
  177  14:01  Hydralisk x2  
  183  14:04  Hydralisk  
  183  14:07  Hydralisk  
  187  14:12  Spore Crawler  
  187  14:13  Hydralisk  
  187  14:14  Hydralisk  
  176  14:29  Hydralisk x6  
  176  14:31  Hydralisk  
  153  14:38  Hydralisk x2  
  147  14:41  Hydralisk  
  147  14:45  Hydralisk  
  149  14:47  Hydralisk  
  149  14:50  Hydralisk  
  143  15:01  Hydralisk  
  143  15:02  Hydralisk  
  139  15:10  Hydralisk x2  
  129  15:15  Hydralisk x2  
  133  15:25  Hydralisk x2  
  133  15:27  Hydralisk  
  137  15:28  Hydralisk  
  137  15:34  Hydralisk  
  141  15:38  Hydralisk  
  141  15:40  Hydralisk  
  143  15:50  Hydralisk x2  
  140  15:57  Hydralisk  
  140  15:58  Hydralisk x2  
  140  16:04  Corruptor  
  148  16:12  Overseer  
  148  16:14  Corruptor  
  148  16:17  Brood Lord  
  152  16:23  Corruptor  
  154  16:27  Corruptor  
  154  16:31  Hydralisk  
  158  16:42  Corruptor x2  
  150  16:55  Overseer  
  150  17:00  Hydralisk x3  
  138  17:02  Hydralisk  
  138  17:06  Hydralisk  
  138  17:07  Hydralisk  
  102  17:15  Overseer x3  
Show
View Real Time Build Order
Export as new Build Order

GunGFuBanDa Protoss - Winner!

Build Orders: 1 Gate Expand, Oracle Opening, Phoenix Opening, Archon Immortal, Archon Drop 

Get SALT Encoding   

  12  0:00  Probe  
  13  0:12  Probe  
  14  0:20  Pylon  
  14  0:24  Probe  
  15  0:34  Probe  
  15  0:38  Gateway  
  15  0:42  Probe  
  16  0:44  Assimilator  
  17  0:53  Probe  
  18  1:06  Probe  
  19  1:20  Nexus  
  19  1:28  Probe  
  19  1:29  Cybernetics Core  
  20  1:36  Probe  
  20  1:40  Assimilator  
  21  1:47  Pylon  
  21  1:48  Probe  
  22  1:56  Adept  
  22  2:00  Probe  
  25  2:12  Probe  
  25  2:15  Stargate  
  26  2:24  Probe, Warp Gate  
  26  2:28  Probe  
  26  2:29  Adept  
  29  2:36  Probe  
  29  2:37  Probe  
  32  2:46  Probe  
  32  2:49  Probe  
  34  2:54  Phoenix  
  34  2:58  Probe  
  34  3:01  Probe  
  38  3:07  Gateway  
  38  3:10  Probe  
  39  3:13  Probe, Oracle  
  43  3:22  Probe  
  43  3:24  Pylon  
  43  3:25  Probe  
  45  3:32  Assimilator  
  45  3:34  Assimilator, Probe  
  45  3:36  Robotics Facility  
  46  3:41  Pylon  
  46  3:42  Probe  
  46  3:43  Probe  
  48  3:51  Probe  
  48  3:52  Twilight Council  
  48  3:54  Probe  
  50  4:01  Probe  
  50  4:06  Probe  
  50  4:09  Gateway x2  
  52  4:13  Probe  
  53  4:17  Warp Prism  
  53  4:18  Probe  
  53  4:20  Zealot x2  
  53  4:23  Pylon  
  60  4:37  Templar Archives  
  60  4:49  Nexus  
  60  4:54  Zealot x2  
  60  4:58  Pylon  
  64  5:04  Probe  
  64  5:08  Probe  
  64  5:11  Forge  
  64  5:13  Probe, Pylon  
  67  5:23  High Templar x4  
  67  5:24  Probe x2  
  67  5:26  Charge  
  67  5:27  Archon x2  
  77  5:29  Observer  
  77  5:34  Shield Battery  
  78  5:36  Probe x2  
  80  5:44  Probe  
  80  5:48  Probe  
  82  5:52  Protoss Ground Weapons Level 1  
  82  5:55  Zealot  
  82  5:56  Zealot, Pylon  
  86  5:57  Probe  
  86  5:59  Probe  
  86  6:00  Pylon  
  88  6:08  Probe x2  
  88  6:10  Probe, Sentry  
  88  6:11  Sentry  
  90  6:16  Probe  
  90  6:17  Psionic Storm  
  91  6:20  Probe  
  91  6:21  Assimilator, Immortal  
  91  6:22  Probe  
  91  6:25  Assimilator  
  92  6:27  Probe  
  94  6:32  Probe  
  94  6:34  Probe  
  94  6:39  Probe  
  100  6:44  Adept  
  100  6:45  Probe, Adept, Gateway  
  100  6:46  Probe  
  106  6:47  Gateway x2  
  106  6:49  Adept  
  106  6:52  Immortal  
  107  6:57  High Templar  
  112  7:02  Photon Cannon  
  112  7:18  Gateway  
  112  7:19  Gateway  
  112  7:21  Immortal  
  116  7:41  Pylon  
  116  7:42  Protoss Ground Weapons Level 2  
  116  7:43  Pylon  
  114  7:45  Pylon  
  114  7:50  Photon Cannon, Pylon  
  112  7:51  Shield Battery, Immortal  
  112  7:52  High Templar x2  
  112  7:53  Pylon  
  112  7:55  Gateway  
  112  7:56  Pylon  
  112  7:58  Pylon  
  118  8:05  Gateway  
  118  8:10  Fleet Beacon, Gateway  
  118  8:12  Pylon  
  118  8:14  Pylon  
  118  8:21  High Templar x3  
  118  8:22  Nexus  
  118  8:24  Pylon  
  124  8:30  Archon  
  124  8:31  High Templar, Immortal  
  124  8:32  Zealot x3  
  136  8:45  Observer  
  136  8:54  Probe x2  
  128  8:56  Photon Cannon  
  128  8:57  Shield Battery  
  128  8:59  High Templar  
  128  9:00  Zealot x2, High Templar  
  128  9:01  Photon Cannon  
  136  9:02  Photon Cannon  
  136  9:04  Pylon  
  136  9:05  Archon  
  136  9:07  Mothership  
  136  9:13  Probe x2, Zealot x2  
  136  9:14  Zealot x6  
  160  9:38  Zealot  
  162  9:45  Stargate  
  162  9:49  Protoss Air Weapons Level 1  
  162  9:51  Dark Shrine  
  160  9:54  Photon Cannon  
  160  9:55  Zealot x3, High Templar x2  
  160  9:58  Probe x2  
  172  10:00  Assimilator x2, Archon  
  172  10:04  Protoss Ground Weapons Level 3  
  170  10:15  Warp Prism  
  172  10:26  Photon Cannon  
  172  10:27  Photon Cannon  
  172  10:28  Carrier  
  172  10:29  Zealot x8  
  186  10:45  Carrier  
  184  11:04  High Templar x2  
  184  11:05  High Templar x2  
  184  11:07  Nexus  
  184  11:08  Archon  
  184  11:09  Archon  
  174  11:23  Carrier  
  158  11:36  Carrier  
  158  11:37  Dark Templar  
  158  11:38  Zealot x5, Dark Templar x2  
  158  11:39  Zealot x3  
  176  11:55  Pylon  
  176  11:58  Zealot x9  
  176  11:59  Assimilator  
  194  12:03  Assimilator  
  194  12:07  Protoss Air Weapons Level 2  
  194  12:27  Carrier  
  200  12:33  Protoss Shields Level 1  
  184  12:40  Photon Cannon  
  184  12:41  Photon Cannon  
  184  12:43  Photon Cannon  
  184  12:44  Dark Templar x4  
  184  12:45  Shield Battery  
  184  12:58  Mothership  
  184  12:59  High Templar x2  
  157  13:16  High Templar  
  157  13:17  High Templar  
  157  13:18  Observer, Zealot x5  
  157  13:19  Zealot x3  
  186  13:32  Observer  
  179  13:41  Zealot x9  
  179  13:42  Zealot  
  177  14:25  Tempest x2  
  137  14:39  Observer  
  137  14:40  Stalker x4  
  137  14:41  Stalker x8  
  147  14:53  Blink  
  139  15:03  Tempest  
  139  15:10  Tempest  
  135  15:15  High Templar x4  
  139  15:31  Nexus  
  139  15:33  Tempest, Pylon  
  139  15:40  Tempest  
  139  15:45  Stalker x4  
  139  15:46  Stalker x3  
  140  16:00  Observer  
  139  16:05  High Templar x3  
  139  16:06  High Templar  
  139  16:09  Stalker x2  
  139  16:10  Stalker x2  
  155  16:12  Archon x2  
  155  16:18  Dark Templar x3  
  157  16:19  Dark Templar  
  157  16:24  Tempest  
  166  16:38  Tempest  
  171  16:40  Zealot x8  
  169  17:01  Zealot  
  169  17:02  Zealot x7  
  131  17:15  Zealot  
  131  17:16  Zealot x2  
  126  17:27  Stalker x8  
Tags
 
Add a new tag
Caveats
  • Supply blocks, unpowered buildings, or Contaminate may cause inaccurate times.
  • Supply counts are checked every 10 seconds.